 Dungeon Crawl Stone Soup version 0.21.0-25-ge575cb9 (webtiles) character file.

95 tidbits the Insei (level 4, -10/34 HPs)
             Began as a Gnoll Transmuter on Jan 26, 2018.
             Mangled by an ogre
             ... wielding a +0 giant club
              (31 damage)
             ... on level 4 of the Dungeon.
             The game lasted 00:03:19 (283 turns).

tidbits the Insei (Gnoll Transmuter)                 Turns: 283, Time: 00:03:20

Health: -10/34     AC:  2    Str: 12    XL:     4   Next: 65%
Magic:  1/11       EV: 15    Int: 16    God:
Gold:   89         SH:  0    Dex: 16    Spells: 7/13 levels left

rFire    . . .     SeeInvis .   h - +0 dagger
rCold    . . .     Gourm    .   (no shield)
rNeg     . . .     Faith    .   b - +0 robe
rPois    .         Spirit   .   (no helmet)
rElec    .         Reflect  .   (no cloak)
rCorr    .         Harm     .   (no gloves)
MR       .....                  (no boots)
Stlth    ++........             (no amulet)
HPRegen  0.11/turn              (no ring)
MPRegen  0.12/turn              (no ring)

@: very slightly contaminated, hasted, very quick
A: distributed training, fangs 1, strong nose
a: no special abilities


You were on level 4 of the Dungeon.
You were not hungry.

You visited 1 branch of the dungeon, and saw 5 of its levels.

You collected 89 gold pieces.

Inventory:

Hand Weapons
 h - a +0 dagger (weapon)
 l - a +0 war axe
Missiles
 a - 22 arrows
Armour
 b - a +0 robe (worn)
 k - a +0 pair of boots
Scrolls
 f - a scroll of teleportation {unknown}
 g - a scroll of identify {unknown}
 i - a scroll of remove curse {unknown}
Potions
 e - a potion of curing
Books
 c - a book of Changes

   Spells                             Type                      Level
   a - Beastly Appendage              Transmutation                1
   b - Sticks to Snakes               Transmutation                2
   c - Spider Form                    Transmutation/Poison         3
   d - Ice Form                       Ice/Transmutation            4
   e - Blade Hands                    Transmutation                5
Comestibles
 d - 2 rations


   Skills:
 + Level 2.8 Fighting
 + Level 1.2 Short Blades
 + Level 1.2 Long Blades
 + Level 1.2 Axes
 + Level 1.2 Maces & Flails
 + Level 1.2 Polearms
 + Level 1.2 Staves
 + Level 1.2 Slings
 + Level 1.2 Bows
 + Level 1.2 Crossbows
 + Level 1.2 Throwing
 + Level 1.2 Armour
 + Level 4.6 Dodging
 + Level 1.2 Stealth
 + Level 1.2 Shields
 + Level 6.6 Unarmed Combat
 + Level 5.1 Spellcasting
 + Level 1.0 Conjurations
 + Level 1.0 Hexes
 + Level 1.0 Charms
 + Level 1.0 Summonings
 + Level 1.0 Necromancy
 + Level 1.0 Translocations
 + Level 3.8 Transmutations
 + Level 1.0 Fire Magic
 + Level 1.0 Ice Magic
 + Level 1.0 Air Magic
 + Level 1.0 Earth Magic
 + Level 1.0 Poison Magic
 + Level 1.3 Invocations
 + Level 1.2 Evocations


You had 7 spell levels left.
You knew the following spells:

 Your Spells              Type           Power        Failure   Level  Hunger
e - Beastly Appendage     Tmut           ###...       3%          1    None
k - Sticks to Snakes      Tmut           ###.....     4%          2    #......
p - Spider Form           Tmut/Pois      ##........   17%         3    ###....


Dungeon Overview and Level Annotations

Branches:
Dungeon (5/15)
 Temple: D:4-7

Altars:


Innate Abilities, Weirdness & Mutations

Your experience applies equally to all skills.
You have very sharp teeth.
Your uncanny sense of smell can sniff out nearby items.


Message History

Your adder bites Robin.
Robin is poisoned.
Your adder poisons Robin!
You hear a shout!
A goblin comes into view. It is wielding a club.
You see here a goblin corpse.
You bite Robin!
Robin is severely wounded.
Robin drinks a potion.
Robin is healed!
Robin looks more healthy.
Your adder bites Robin.
The goblin misses your adder.
A worm comes into view.
You hit Robin.
Robin is poisoned.
Robin is almost dead.
Your ball python bites Robin but does no damage.
Your ball python closely misses Robin.
Your adder bites Robin.
Robin dies!
The goblin hits your adder with a club.
Unknown command.
It was a potion of haste.
You feel yourself speed up.
Your adder bites the goblin.
The goblin is poisoned.
Your adder poisons the goblin!
Your ball python closely misses the hobgoblin.
Your ball python grabs the hobgoblin.
Your ball python constricts the hobgoblin.
The goblin hits your adder with a club.
Unknown command.
You bite the hobgoblin!
You kill the hobgoblin!
Your Conjurations skill increases to level 1!
Your Hexes skill increases to level 1!
Your Charms skill increases to level 1!
Your Summonings skill increases to level 1!
Your Necromancy skill increases to level 1!
Your Translocations skill increases to level 1!
Your Fire Magic skill increases to level 1!
Your Ice Magic skill increases to level 1!
Your Air Magic skill increases to level 1!
Your Earth Magic skill increases to level 1!
Your Poison Magic skill increases to level 1!
Your adder bites the goblin.
The goblin dies!
Your ball python bites the hobgoblin but does no damage.
Your ball python completely misses the hobgoblin.
An orc priest comes into view.
It is wielding a falchion of holy wrath.
Okay, then.
The hobgoblin barely misses your ball python.
The goblin barely misses your ball python.
Your ball python bites the goblin.
Your ball python barely misses the goblin.
Your adder misses the hobgoblin. The goblin hits your ball python.
Your ball python dies!
Your ball python bites the hobgoblin but does no damage.
Your ball python grabs the hobgoblin.
Your ball python constricts the hobgoblin.
Your adder bites the hobgoblin.
Your ball python barely misses the hobgoblin.
Your ball python constricts the hobgoblin.
The hobgoblin hits your adder with a club.
The hobgoblin struggles to escape constriction.
The hobgoblin closely misses your adder.
Your adder barely misses the hobgoblin.
Your ball python bites the hobgoblin.
Your ball python constricts the hobgoblin.
The hobgoblin struggles to escape constriction.
The hobgoblin hits your adder with a club.
Your adder dies!
Your ball python bites the hobgoblin.
Your ball python constricts the hobgoblin.
The hobgoblin dies!
The goblin no longer looks unusually strong.
There is a stone staircase leading down here.
The orc priest calls down the wrath of Beogh upon you.
Beogh smites you!
You hear a shout!
You climb downwards.
Your transformation has ended.
Your +0 robe unmelds from your body.
There is a stone staircase leading up here.
Unknown command.
Found 13 gold pieces.
You see here 13 gold pieces.
You now have 70 gold pieces (gained 13).
Found a flail and 19 gold pieces.
You see here 19 gold pieces.
You now have 89 gold pieces (gained 19).
Found a stone staircase leading up.
A quokka skeleton comes into view.
There is a stone staircase leading up here.
You climb upwards.
An ogre comes into view. It is wielding a giant club.
There is a stone staircase leading down here.
Wield which item (- for none, * to show all)? (? for menu, Esc to quit)
h - a +0 dagger (weapon)
The helpless ogre fails to defend itself.
You puncture the ogre!
The ogre is moderately wounded.
Casting: Sticks to Snakes
Confirm with . or Enter, or press ? or * to list all spells.
You miscast Spider Form.
You are very lightly contaminated with residual magic.
Your hands glow momentarily.
The ogre hits you with a giant club!!
Ouch! That really hurt!
You die...

. .. ... ....
.....#######.#
####...O.....#
.......@#
..........#
####.#..#.# ..
...#.# ##
.##.# # .. ...
#. #.# #. ..#


You could see an ogre.

Vanquished Creatures
  Natasha (D:4)
  4 adders
  2 leopard geckos
  5 orcs (D:3)
  A ball python (D:3)
  3 goblins
  A hobgoblin (D:4)
  2 bats (D:3)
  A frilled lizard (D:3)
20 creatures vanquished.

Vanquished Creatures (collateral kills)
  Robin (D:4)
  A giant cockroach (D:3)
  2 goblins (D:4)
  A hobgoblin (D:4)
5 creatures vanquished.

Grand Total: 25 creatures vanquished

Notes
Turn   | Place    | Note
-------+----------+-------------------------------------------
     0 | D:1      | tidbits the Gnoll Transmuter began the quest for the Orb.
     0 | D:1      | Reached XP level 1. HP: 17/17 MP: 6/6
    37 | D:2      | Reached XP level 2. HP: 22/23 MP: 5/7
    45 | D:2      | Learned a level 2 spell: Sticks to Snakes
    62 | D:2      | Reached skill level 5 in Spellcasting
    62 | D:2      | Reached XP level 3. HP: 19/28 MP: 2/9
    67 | D:2      | Learned a level 3 spell: Spider Form
   149 | D:3      | Reached skill level 1 in Invocations
   174 | D:3      | Reached skill level 1 in Short Blades
   174 | D:3      | Reached skill level 1 in Long Blades
   174 | D:3      | Reached skill level 1 in Axes
   174 | D:3      | Reached skill level 1 in Maces & Flails
   174 | D:3      | Reached skill level 1 in Polearms
   174 | D:3      | Reached skill level 1 in Staves
   174 | D:3      | Reached skill level 1 in Slings
   174 | D:3      | Reached skill level 1 in Bows
   174 | D:3      | Reached skill level 1 in Crossbows
   174 | D:3      | Reached skill level 1 in Throwing
   174 | D:3      | Reached skill level 1 in Armour
   174 | D:3      | Reached skill level 1 in Stealth
   174 | D:3      | Reached skill level 1 in Shields
   174 | D:3      | Reached skill level 1 in Evocations
   178 | D:3      | Reached XP level 4. HP: 30/34 MP: 2/11
   220 | D:4      | Noticed Natasha
   226 | D:4      | Noticed Robin
   229 | D:4      | Killed Natasha
   236 | D:4      | Killed Robin
   238 | D:4      | Reached skill level 1 in Conjurations
   238 | D:4      | Reached skill level 1 in Hexes
   238 | D:4      | Reached skill level 1 in Charms
   238 | D:4      | Reached skill level 1 in Summonings
   238 | D:4      | Reached skill level 1 in Necromancy
   238 | D:4      | Reached skill level 1 in Translocations
   238 | D:4      | Reached skill level 1 in Fire Magic
   238 | D:4      | Reached skill level 1 in Ice Magic
   238 | D:4      | Reached skill level 1 in Air Magic
   238 | D:4      | Reached skill level 1 in Earth Magic
   238 | D:4      | Reached skill level 1 in Poison Magic
   248 | D:5      | Entered Level 5 of the Dungeon
   280 | D:4      | Noticed an ogre
   283 | D:4      | Mangled by an ogre

Skill      XL: |  1  2  3  4 |
---------------+-------------+-----
Spellcasting   | 5 |  5.1
Invocations    | 1 |  1.3
Short Blades   | 1 |  1.2
Long Blades    | 1 |  1.2
Axes           | 1 |  1.2
Maces & Flails | 1 |  1.2
Polearms       | 1 |  1.2
Staves         | 1 |  1.2
Slings         | 1 |  1.2
Bows           | 1 |  1.2
Crossbows      | 1 |  1.2
Throwing       | 1 |  1.2
Armour         | 1 |  1.2
Stealth        | 1 |  1.2
Shields        | 1 |  1.2
Evocations     | 1 |  1.2
Conjurations   | 1 |  1.0
Hexes          | 1 |  1.0
Charms         | 1 |  1.0
Summonings     | 1 |  1.0
Necromancy     | 1 |  1.0
Translocations | 1 |  1.0
Fire Magic     | 1 |  1.0
Ice Magic      | 1 |  1.0
Air Magic      | 1 |  1.0
Earth Magic    | 1 |  1.0
Poison Magic   | 1 |  1.0
Fighting       | |  2.8
Dodging        | |  4.6
Unarmed Combat | |  6.6
Transmutations | |  3.8

Action                   |  1- 3 |  4- 6 || total
-------------------------+-------+-------++-------
Melee: Unarmed           |    33 |     8 ||    41
       Headbutt          |     1 |       ||     1
       Bite              |     1 |       ||     1
       Kick              |     1 |       ||     1
       Dagger            |       |     1 ||     1
 Cast: Beastly Appendage |     3 |       ||     3
       Sticks to Snakes  |     4 |     3 ||     7
       Spider Form       |     2 |     1 ||     3
  Use: Potion            |       |     1 ||     1
 Stab: Sleeping          |       |     1 ||     1
Armor: Robe              |     2 |       ||     2
       Skin              |     1 |       ||     1
Dodge: Dodged            |    15 |     7 ||    22

Table legend:
 A = Turns spent in this place as a percentage of turns spent in the entire game.
 B = Non-inter-level travel turns spent in this place as a percentage of non-inter-level travel turns spent in the entire game.
 C = Inter-level travel turns spent in this place as a percentage of turns spent in this place.
 D = Turns resting spent in this place as a percentage of non-inter-level travel turns spent in this place.
 E = Turns spent auto-exploring this place as a percentage of non-inter-level travel turns spent in this place.
 F = Non-inter-level travel turns spent in this place divided by the number of levels of this place that you've seen.
                   A       B       C       D       E      F
               +-------+-------+-------+-------+-------+----------------------
         Total | 100.0 | 100.0 |   0.0 |   0.0 |   0.0 |  56.6
       Dungeon | 100.0 | 100.0 |   0.0 |   0.0 |   0.0 |  56.6
               +-------+-------+-------+-------+-------+----------------------

Table legend:
 A = Kills in this place as a percentage of kills in entire the game.
 B = Kills by you in this place as a percentage of kills by you in the entire game.
 C = Kills by friends in this place as a percentage of kills by friends in the entire game.
 D = Other kills in this place as a percentage of other kills in the entire game.
 E = Experience gained in this place as a percentage of experience gained in the entire game.
 F = Experience gained in this place divided by the number of levels of this place that you have seen.
                   A       B       C       D       E      F
               +-------+-------+-------+-------+-------+----------------------
         Total | 100.0 | 100.0 | 100.0 |   N/A | 100.0 |  27.2
       Dungeon | 100.0 | 100.0 | 100.0 |   N/A | 100.0 |  27.2
               +-------+-------+-------+-------+-------+----------------------

Vault maps used:
D:1:      nicolae_arrival_somewhat_less_tricky_arrival,
          kennysheep_pointless_box, minmay_lizard_pond
D:2:      fedhas_altar_fruit_tree
D:3:      first_ration, uniq_crazy_yiuf_cottage
D:4:      lemuel_crystal_altar, grunt_decor_resistance, uniq_natasha,
          uniq_eustachio, uniq_blork_the_orc, uniq_robin
D:5:      minmay_temple_entry_statues_fountains, serial_shops,
          nicolae_shop_statue_plus, item_on_display_a
